 Dungeon Crawl Stone Soup version 0.31-a0-844-gdc52ec4e09 (webtiles) character file.

Game seed: 9374607214923023018

288 Pixllover the Digger (level 6, -2/49 HPs)
             Began as a Gargoyle Earth Elementalist on Sept 30, 2023.
             Slain by a yak (4 damage)
             ... on level 4 of the Dungeon.
             The game lasted 00:15:02 (2858 turns).

Pixllover the Digger (Gargoyle Earth Elementalist)  Turns: 2858, Time: 00:15:03

Health: -2/49      AC: 23    Str: 12    XL:     6   Next: 31%
Magic:  11/12      EV:  2    Int: 17    God:
Gold:   45         SH:  0    Dex: 10    Spells: 12/13 levels left

rFire   . . .        f - +2 dagger (venom)
rCold   . . .        (no shield)
rNeg    + . .        a - melded +0 robe
rPois   ∞            d - melded +2 hat
rElec   .            (cloak currently unavailable)
rCorr   .            (gloves currently unavailable)
SInv    .            g - melded +1 pair of boots
Will    .....        (no amulet)
Stlth   ++           (no ring)
HPRegen 0.28/turn    (no ring)
MPRegen 0.13/turn

%: no passive effects
@: tree-form
A: stationary, stasis, torment immunity, boosted hp, sickness immunity, AC +4,
negative energy resistance 1, (electricity resistance), torment resistance 1,
petrification resistance
a: no special abilities


You were on level 4 of the Dungeon.
You were a tree.
You visited 1 branch of the dungeon, and saw 5 of its levels.

You collected 192 gold pieces.
You spent 147 gold pieces at shops.

Inventory:

Hand Weapons
 f - a +2 dagger of venom (weapon)
Missiles
 j - 15 poisoned darts (quivered)
 l - 5 darts of dispersal
Armour
 a - a +0 robe (melded)
 d - a +2 hat (melded)
 g - a +1 pair of boots (melded)
Jewellery
 n - an amulet of faith
Wands
 q - a wand of acid (9)
Scrolls
 h - a scroll of vulnerability {unknown}
 k - a scroll of blinking {unknown}
 m - 2 scrolls of teleportation
Potions
 b - a potion of magic
 e - 4 potions of enlightenment
 i - 2 potions of lignification
 p - a potion of curing


   Skills:
 + Level 0.9 Fighting
 + Level 0.4 Short Blades
 + Level 1.8 Dodging
 + Level 2.9 Stealth
 + Level 0.2 Unarmed Combat
 + Level 4.2 Spellcasting
 + Level 0.7 Transmutations
 + Level 5.8 Earth Magic


You had 12 spell levels left.
You knew the following spells:

 Your Spells              Type           Power      Damage    Failure   Level
a - Sandblast             Erth           46%        2d11      1%          1

Your spell library contained the following spells:

 Spells                   Type           Power      Damage    Failure   Level
 Passwall                 Tmut/Erth      11%        N/A       6%          2
 Stone Arrow              Conj/Erth      26%        3d8       14%         3
 Petrify                  Tmut/Erth      14%        N/A       38%         4
 Brom's Barrelling Bould  Conj/Erth      13%        2d4       43%         4


Dungeon Overview and Level Annotations

Branches:
Dungeon (5/15)             Temple (0/1) D:5

Altars:
Qazlal

Shops:
D:5 [


Innate Abilities, Weirdness & Mutations

You are a tree.
Your roots penetrate the ground, keeping you stationary.
You cannot be teleported.
You are immune to unholy pain and torment.
Your maximum health is greatly increased.
Your equipment is partially melded.
You are immune to sickness and miasma.
((Your stone body is resilient. (AC +4)))
You are immune to poison.
You resist negative energy. (rN+)
((You are resistant to electric shocks. (rElec)))
You are resistant to unholy torment.
You are immune to petrification.


Message History

There is a stone staircase leading down here.
The yak attacks as it pursues you! The yak gores you but does no damage.
The yak attacks as it pursues you! The yak barely misses you.
The yak attacks as it pursues you! The yak closely misses you.
Casting: Sandblast (safe; 1% risk of failure)
Confirm with . or Enter, or press ? or * to list all spells.
Aiming: Sandblast (safe; 1% risk of failure)
Press: ? - help, Shift-Dir - straight line, f - yak
Aim: a yak (lightly wounded, 90% to hit)
The blast of sand hits the yak!
The yak is moderately wounded.
The yak barely misses you. x2
Casting: Sandblast (safe; 1% risk of failure)
Confirm with . or Enter, or press ? or * to list all spells.
Aiming: Sandblast (safe; 1% risk of failure)
Press: ? - help, Shift-Dir - straight line, f/p - yak
Aim: a yak (moderately wounded, 90% to hit)
The blast of sand hits the yak but does no damage.
The yak is moderately wounded.
The yak barely misses you.
Casting: Sandblast (safe; 1% risk of failure)
Confirm with . or Enter, or press ? or * to list all spells.
Aiming: Sandblast (safe; 1% risk of failure)
Press: ? - help, Shift-Dir - straight line, f/p - yak
Aim: a yak (moderately wounded, 90% to hit)
The blast of sand misses the yak.
The blast of sand hits the yak!
The yak is moderately wounded.
The yak gores you but does no damage. The yak gores you!
The yak attacks as it pursues you! The yak gores you.
* * * LOW HITPOINT WARNING * * *
The yak attacks as it pursues you! The yak completely misses you.
The yak attacks as it pursues you! The yak completely misses you.
The yak attacks as it pursues you! The yak gores you!
* * * LOW HITPOINT WARNING * * *
It was a potion of lignification.
You turn into a tree.
Your +2 hat melds into your body.
Your +1 pair of boots melds into your body.
Your +0 robe melds into your body.
Your roots penetrate the ground.
The yak gores you.
You die...

#.########### #... #.#
############... #.#
#.............. #.#
#########.##########... #.#
#.........# ##.. #.# #.#########
#.. #.# ######.## #.. #.#
#.......############### #..
#.###.####.....♣YY........####..
#..##.# #.###########..........
##.##.# #.# #.##.##.... #.##.#
#.# #.##.##.##. #.##.# #..
#.##.##.##. ##.##<# ###
#.##.##[... ##...#.# #.##.##..##
#......# #.##.##..## #......#
####.##.##....


You could see 2 yaks.

Vanquished Creatures
  A scorpion (D:5)
  An iguana (D:4)
  An orc wizard (D:4)
  Robin (D:3)
  4 adders
  2 gnolls (D:3)
  4 worms
  3 dart slugs
  6 orcs
  8 endoplasms
  2 giant cockroaches
  10 hobgoblins
  4 jackals (D:1)
  2 quokkas
  10 ball pythons
  4 bats
  3 frilled lizards
  11 goblins
  10 kobolds
  3 rats
90 creatures vanquished.

Notes
Turn   | Place    | Note
-------+----------+-------------------------------------------
     0 | D:1      | Pixllover the Gargoyle Earth Elementalist began the quest
                  | for the Orb.
     0 | D:1      | Reached XP level 1. HP: 10/10 MP: 3/3
   189 | D:1      | Reached XP level 2. HP: 15/15 MP: 0/5
   361 | D:1      | Reached skill level 4 in Earth Magic
   558 | D:1      | Reached XP level 3. HP: 19/19 MP: 7/7
   837 | D:2      | Found a stormy altar of Qazlal.
   928 | D:2      | Found a faded altar of an unknown god.
  1023 | D:2      | Reached XP level 4. HP: 24/24 MP: 6/8
  1550 | D:3      | Noticed Robin
  1561 | D:3      | Killed Robin
  1562 | D:3      | Reached XP level 5. HP: 14/28 MP: 5/10
  1844 | D:3      | Noticed a black bear
  2158 | D:3      | Reached skill level 5 in Earth Magic
  2702 | D:4      | Noticed an ogre
  2719 | D:4      | Reached XP level 6. HP: 33/33 MP: 10/12
  2724 | D:4      | Noticed a black bear
  2736 | D:5      | Entered Level 5 of the Dungeon
  2795 | D:5      | Found Pappesch's Antique Armour Emporium.
  2799 | D:5      | Bought an embroidered hat for 147 gold pieces
  2823 | D:5      | Noticed a yak
  2824 | D:5      | Found a staircase to the Ecumenical Temple.
  2824 | D:5      | Noticed a yak
  2826 | D:5      | Noticed a yak
  2826 | D:5      | Noticed a yak
  2826 | D:5      | Noticed a yak
  2856 | D:4      | HP: 1/33 [yak (7)]
  2858 | D:4      | Slain by a yak

Illustrated notes

Levels and vault maps discovered:
D:1:      dpeg_arrival_court, layout_basic, minmay_3d_cube
D:2:      layout_rooms, basic_altar, shapermc_ecumenical_altar_ellora,
          minmay_misc_feat_doors, st_stairs_1, minmay_vboxes
D:3:      layout_basic, uniq_robin
D:4:      layout_loops_ring, gammafunk_ghost_nasty_kobolds
D:5:      layout_layer_cave, minmay_temple_entry_stoned_glass, serial_shops,
          nicolae_shop_tiny_real_fake_doors

Skill      XL: |  1  2  3  4  5 |
---------------+----------------+-----
Earth Magic    | 4 5 |  5.8
Spellcasting   | 3 4 |  4.2
Fighting       | |  0.9
Short Blades   | |  0.4
Dodging        | |  1.8
Stealth        | |  2.9
Unarmed Combat | |  0.2
Transmutations | |  0.7

Action                     |  1- 3 |  4- 6 || total
---------------------------+-------+-------++-------
  Melee: Unarmed           |     3 |       ||     3
         Dagger            |    21 |    29 ||    50
         Punch             |       |     1 ||     1
   Cast: Sandblast         |    49 |    70 ||   119
    Use: Scroll            |       |     4 ||     4
         Potion            |       |     1 ||     1
 Armour: Robe              |    26 |    60 ||    86
         Skin              |       |     1 ||     1
  Dodge: Dodged            |    33 |    53 ||    86

Table legend: (Time is in decaauts)
 A = Elapsed time spent in this place.
 B = Non-inter-level travel time spent in this place.
 C = Inter-level travel time spent in this place.
 D = Time resting spent in this place.
 E = Time spent auto-exploring this place.
 F = Levels seen in this place.
 G = Mean time per level.
                   A        B        C        D        E       F      G
               +--------+--------+--------+--------+--------+-----+--------+
         Total |   2915 |   2897 |     18 |    429 |    889 |   5 |  583.0 |
       Dungeon |   2915 |   2897 |     18 |    429 |    889 |   5 |  583.0 |
               +--------+--------+--------+--------+--------+-----+--------+

Top non-repeatable levels by time:
     D:3: 774 daAuts
     D:1: 770 daAuts
     D:2: 664 daAuts
     D:4: 605 daAuts
     D:5: 100 daAuts
